 Dungeon Crawl Stone Soup version 0.30-a0-12-gd8047c6341 (webtiles) character file.

Game seed: 15246229004970924543

81 SensoryNuts the Covered (level 4, -3/40 HPs)
             Began as a Hill Orc Fighter on Aug 23, 2022.
             Succumbed to a gnoll's poison
             ... on level 3 of the Dungeon.
             The game lasted 00:03:29 (2453 turns).

SensoryNuts the Covered (Hill Orc Fighter)          Turns: 2453, Time: 00:03:30

Health: -3/40      AC:  8    Str: 17 (20) XL:     4   Next: 42%
Magic:  4/4        EV:  9    Int:  8      God:
Gold:   175        SH:  4    Dex:  8 (10) Spells: 3/3 levels left

rFire   . . .      SeeInvis .    a - +0 war axe
rCold   . . .      Faith    .    c - +0 buckler
rNeg    . . .      Spirit   .    b - +0 scale mail
rPois   .          Reflect  .    (no helmet)
rElec   .          Harm     .    i - +0 cloak
rCorr   .          Rampage  .    (no gloves)
Will    .....                    (no boots)
Stlth   ..........               (no amulet)
HPRegen 0.13/turn                (no ring)
MPRegen 0.09/turn                (no ring)

@: lethally poisoned (-3 -> -28), hasted, very quick
A: no striking features
a: no special abilities


You were on level 3 of the Dungeon.
You visited 1 branch of the dungeon, and saw 3 of its levels.

You collected 175 gold pieces.

Inventory:

Hand Weapons
 a - a +0 war axe (weapon)
Armour
 b - a +0 scale mail (worn)
 c - a +0 buckler (worn)
 i - a +0 cloak (worn)
Scrolls
 e - a scroll of identify
 g - a scroll of teleportation
 o - a scroll of poison
Potions
 d - a potion of might
 f - a potion of lignification


   Skills:
 + Level 4.1 Fighting
 * Level 4.1 Axes
 + Level 4.2 Armour
 + Level 0.4 Dodging
 + Level 3.6 Shields


You had 3 spell levels left.
You didn't know any spells.
Your spell library was empty.

Dungeon Overview and Level Annotations

Branches:
Dungeon (3/15)

Altars:


Message History

You hit the gnoll.
You kill the gnoll!
You feel your dexterity returning.
Things that are here:
a +0 spear; a gnoll corpse HP restored.
Done exploring.
Done exploring.
Things that are here:
a +0 spear; a gnoll corpse
There is a stone staircase leading down here.
You climb downwards.
An endoplasm comes into view.
There is a stone staircase leading up, spattered with blood here.
The gnoll hits you with a +2 halberd of venom.
You hit the gnoll but do no damage.
The gnoll hits you with a +2 halberd of venom.
You are poisoned.
You barely miss the gnoll.
You feel very sick. The gnoll closely misses you.
You closely miss the gnoll. You hit the endoplasm but do no damage.
You feel sick. The endoplasm closely misses you.
The gnoll hits you with a +2 halberd of venom!
You are lethally poisoned!
The gnoll hits you with a +2 halberd of venom.
* * * LOW HITPOINT WARNING * * *
You are more poisoned.
The endoplasm barely misses you.
You feel yourself speed up.
* * * LOW HITPOINT WARNING * * *
You feel extremely sick. The gnoll barely misses you.
The endoplasm freezes you.
You are frozen.
* * * LOW HITPOINT WARNING * * *
You slash the gnoll!
The gnoll is severely wounded.
You hit the endoplasm.
You die...

# #
###.######.#
.........#.#
......g@...#
....####J#.#
# #.# #.#
#.# ... #.#
#.# #.#


You could see a gnoll and an endoplasm.

Vanquished Creatures
  An adder (D:2)
  2 gnolls (D:2)
  2 dart slugs
  6 ball pythons
  3 endoplasms
  A giant cockroach (D:1)
  6 goblins
  5 hobgoblins
  4 kobolds (D:1)
  3 quokkas
  4 bats (D:1)
  6 frilled lizards
  7 rats
50 creatures vanquished.

Notes
Turn   | Place    | Note
-------+----------+-------------------------------------------
     0 | D:1      | SensoryNuts the Hill Orc Fighter began the quest for the
                  | Orb.
     0 | D:1      | Reached XP level 1. HP: 19/19 MP: 1/1
   105 | D:1      | Reached XP level 2. HP: 27/27 MP: 2/2
   475 | D:1      | Found a faded altar of an unknown god.
   476 | D:1      | Noticed a shining eye
   478 | D:1      | Noticed a floating eye
   478 | D:1      | Noticed a great orb of eyes
   478 | D:1      | Noticed a shining eye
   535 | D:1      | Reached XP level 3. HP: 33/33 MP: 3/3
  1718 | D:2      | Reached XP level 4. HP: 40/40 MP: 4/4
  2452 | D:3      | HP: 2/40 [frozen (1)]
  2453 | D:3      | Succumbed to a gnoll's poison

Illustrated notes

Levels and vault maps discovered:
D:1:      psy_arrival_dodecagon, layout_loops_ring,
          hellmonk_ecumenical_altar_watching_god
D:2:      minmay_skewed_foursquare, layout_basic
D:3:      layout_loops_ring, jmf_multi_god_temple2

Skill      XL: |  1  2  3  4 |
---------------+-------------+-----
Axes           | 3 4 |  4.1
Fighting       | 4 |  4.1
Armour         | 4 |  4.2
Dodging        | |  0.4
Shields        | |  3.6

Action                   |  1- 3 |  4- 6 || total
-------------------------+-------+-------++-------
Melee: War axe           |   133 |    25 ||   158
  Use: Potion            |     5 |     3 ||     8
       Scroll            |     5 |     1 ||     6
Armor: Scale mail        |    72 |    12 ||    84
Dodge: Dodged            |    58 |    13 ||    71
Block: Buckler           |    30 |     4 ||    34

Table legend: (Time is in decaauts)
 A = Elapsed time spent in this place.
 B = Non-inter-level travel time spent in this place.
 C = Inter-level travel time spent in this place.
 D = Time resting spent in this place.
 E = Time spent auto-exploring this place.
 F = Levels seen in this place.
 G = Mean time per level.
                   A        B        C        D        E       F      G
               +--------+--------+--------+--------+--------+-----+--------+
         Total |   2514 |   2438 |     76 |      0 |   1947 |   3 |  838.0 |
       Dungeon |   2514 |   2438 |     76 |      0 |   1947 |   3 |  838.0 |
               +--------+--------+--------+--------+--------+-----+--------+

Top non-repeatable levels by time:
     D:2: 1467 daAuts
     D:1: 1029 daAuts
     D:3: 17 daAuts
